Match 34277253
Unlisted

Match 34277253
End
Construct Barracks
Selects Special Operations Battlegroup
Selects M29 Weasel Recon Vehicle
M29 Weasel Recon Vehicle
Riflemen Squad
Riflemen Squad
M1 Mortar Team
Grenade Package
Selects Smoke Screen
Infantry Support Center
Engineer Squad
Selects SSF Commando Squad
SSF Commando Squad
Construct Tank Depot
SSF Commando Squad
M4(105) Sherman Bulldozer
Selects Air Re-supply Operation
Engineer Squad
Air Re-Supply Operation
M18 Hellcat Tank Destroyer
Selects Mark Vehicle
M18 Hellcat Tank Destroyer
Smoke Screen
AI Takeover
ChubbyGauths
TheRealAnusBoi
Bruistablet
LawSlay
0
0

Comments sign in to comment!

No comments posted yet!